 Dungeon Crawl Stone Soup version 0.24-a0-170-gd8427f5 (webtiles) character file.

Game seed: 4366229609781104787

22 KrasnyyBoyets the Charmwright (level 2, -2/23 HPs)
             Began as a Barachi Skald on Mar 11, 2019.
             Killed from afar by a dart slug (7 damage)
             ... with a slug dart
             ... on level 1 of the Dungeon.
             The game lasted 00:10:31 (867 turns).

KrasnyyBoyets the Charmwright (Barachi Skald)        Turns: 867, Time: 00:10:32

Health: -2/23      AC:  0    Str: 12    XL:     2   Next: 91%
Magic:  5/5        EV: 12    Int: 13    God:
Gold:   64         SH:  0    Dex: 11    Spells: 4/5 levels left

rFire    . . .     SeeInvis .   a - +0 falchion
rCold    . . .     Gourm    .   (no shield)
rNeg     . . .     Faith    .   b - +0 leather armour
rPois    .         Spirit   .   (no helmet)
rElec    .         Reflect  .   (no cloak)
rCorr    .         Harm     .   (no gloves)
MR       .....     Rnd*Tele +   (no boots)
Stlth    +.........             (no amulet)
HPRegen  0.07/turn              c - -3 ring of protection (curse)
MPRegen  0.09/turn              g - ring of teleportation (curse)

@: slow
A: +LOS, swims, slowness 1, strong legs 1
a: Hop


You were on level 1 of the Dungeon.
You were not hungry.

You visited 1 branch of the dungeon, and saw 1 of its levels.

You collected 64 gold pieces.

Inventory:

Hand Weapons
 a - a +0 falchion (weapon)
Armour
 b - a +0 leather armour (worn)
Jewellery
 c - a cursed -3 ring of protection (left hand)
 g - a cursed ring of teleportation (right hand)
Potions
 e - a potion of berserk rage {unknown}
Comestibles
 d - 2 rations


   Skills:
 - Level 2.5 Fighting
 * Level 3.1 Long Blades
 - Level 1.3 Armour
 - Level 2.2 Dodging
 - Level 2.4 Spellcasting
 + Level 3.7 Charms


You had 4 spell levels left.
You knew the following spells:

 Your Spells              Type           Power        Failure   Level  Hunger
a - Infusion              Chrm           ##..         7%          1    #......

Your spell library contained the following spells:

 Spells                   Type           Power        Failure   Level  Hunger
 Song of Slaying          Chrm           ##......     10%         2    ###....
 Shroud of Golubria       Chrm/Tloc      #.........   22%         2    ###....
 Regeneration             Chrm/Necr      #.........   41%         3    ###....
 Spectral Weapon          Hex/Chrm       #.......     41%         3    ###....


Dungeon Overview and Level Annotations

Branches:
Dungeon (1/15)

Altars:


Innate Abilities, Weirdness & Mutations

Shadows flee at your approach. (+LOS)
You can swim through water.
You cover ground slowly.
You can hop short distances.


Message History

You start resting.
All of the chunks of flesh in your inventory have rotted away.
You feel strangely unstable.
You are suddenly yanked towards a nearby monster!
Your surroundings suddenly seem different.
A dart slug comes into view.
A dart slug is nearby!
Unknown command.
Hop to where?
Press: ? - help, Dir - move target cursor, f - you
Okay, then.
The dart slug launches a dart at you. The slug dart hits you.
The dart slug launches a dart at you. The slug dart misses you.
Things that are here:
a +0 club; a hobgoblin corpse The dart slug launches a dart at you.
The slug dart hits you!
You die...

*,#......#........#
*,#.####...######.#
#.#.# ##.#######.#
#.#.# #(##......#
## #.#.#
#.##.####.# ##.
#.#.# #.#*,* #.#
##.# #.#.# #.#*,*
#.#####.#. #.#.#
#.#*,* #.......#.
#.#.#####@#*,*
#.#####...
####.w.......#*,*
#.# #.##
#......#######*,*
#.# #...
#)######*******,*
#.# ###. #.#
*,,,,,,,,* #.# ###.
##.## *,********
#.#####... ##...##
*,* #.........
#.....####.#**
#######.##
#..w........,* #.#


You could see a dart slug.

Vanquished Creatures
  2 dart slugs (D:1)
  2 ball pythons (D:1)
  3 goblins (D:1)
  2 hobgoblins (D:1)
  3 frilled lizards (D:1)
  4 kobolds (D:1)
  3 rats (D:1)
19 creatures vanquished.

Notes
Turn   | Place    | Note
-------+----------+-------------------------------------------
     0 | D:1      | KrasnyyBoyets the Barachi Skald began the quest for the
                  | Orb.
     0 | D:1      | Reached XP level 1. HP: 17/17 MP: 3/3
   364 | D:1      | Reached XP level 2. HP: 12/23 MP: 0/5
   867 | D:1      | Killed from afar by a dart slug

Levels and vault maps discovered:
D:1:      minmay_arrival_semitransparent, layout_loops_ring

Skill      XL: |  1  2 |
---------------+-------+-----
Long Blades    | 3 |  3.1
Fighting       | |  2.5
Armour         | |  1.3
Dodging        | |  2.2
Spellcasting   | |  2.4
Charms         | |  3.7

Action                   || total
-------------------------++-------
Melee: Falchion          ||    42
 Cast: Infusion          ||     6
  Use: Scroll            ||     2
Armor: Leather armour    ||     4
Dodge: Dodged            ||    28
       Rpst.: Falchion   ||     4

Table legend:
 A = Non-vault XP
 B = Vault XP
 C = Vault XP percentage of total XP
 D = Non-vault monster count
 E = Vault monster count
 F = Vault count percentage of total count
                 A         B        C        D         E       F
            +---------+---------+-------+---------+---------+-------
      Total |      32 |       0 |   0.0 |      19 |       0 |   0.0
            +---------+---------+-------+---------+---------+-------
        D:1 |      32 |       0 |   0.0 |      19 |       0 |   0.0
            +---------+---------+-------+---------+---------+-------
